 Dungeon Crawl Stone Soup version 0.32-a0-290-g598725c5f2 (webtiles) character file.

Game seed: 615171853443136854

240 Billyxxme the Chopper (level 5, -2/45 (47) HPs)
             Began as a Mountain Dwarf Fighter on Feb 13, 2024.
             Killed by divine providence
             ... invoked by Jeremiah
              (12 damage)
             ... on level 6 of the Dungeon.
             The game lasted 00:13:30 (1210 turns).

Billyxxme the Chopper (Mountain Dwarf Fighter)      Turns: 1210, Time: 00:13:31

HP:   -2/45 (47)    AC:  7    Str: 21    XL:     5   Next: 79%
MP:   5/5           EV:  9    Int:  8    God:
Gold: 54            SH:  4    Dex:  9    Spells: 4/4 levels left

rFire   . . .        a - +0 war axe
rCold   . . .        c - +0 buckler
rNeg    . . .        b - +0 scale mail
rPois   .            (no helmet)
rElec   .            (no cloak)
rCorr   +            (no gloves)
SInv    .            (no boots)
Will    .....        (no amulet) Stlth
                     e - ring of resist corrosion
HPRegen 0.27/turn    (no ring)
MPRegen 0.09/turn

%: no passive effects
@: lightly drained
A: runic magic, artefact enchanting
a: no special abilities


You were on level 6 of the Dungeon.
You visited 1 branch of the dungeon, and saw 6 of its levels.

You collected 54 gold pieces.

Inventory:

Hand Weapons
 a - a +0 war axe (weapon)
Armour
 b - a +0 scale mail (worn)
 c - a +0 buckler (worn)
Jewellery
 e - a ring of resist corrosion (left hand)
Wands
 d - a wand of iceblast (9)
Scrolls
 f - 2 scrolls of noise {iloveminners, unknown}
 g - 2 scrolls of identify {unknown}
 j - a scroll of blinking {unknown}
 k - a scroll of amnesia {unknown}
Potions
 h - a potion of magic {unknown}
 i - 2 potions of degeneration {unknown}


   Skills:
 + Level 4.6 Fighting
 + Level 4.8 Axes
 + Level 4.6 Armour
 + Level 0.5 Dodging
 + Level 3.6 Shields


You had 4 spell levels left.
You didn't know any spells.
Your spell library contained the following spells:

 Spells                   Type           Power      Damage    Failure   Level
 Blink                    Tloc           0%         N/A       71%         2
 Lesser Beckoning         Tloc           0%         N/A       71%         2
 Momentum Strike          Conj/Tloc      0%         3d8       71%         2


Dungeon Overview and Level Annotations

Branches:
Dungeon (6/15)
 Temple: D:4-7

Altars:

Annotations:
D:6 Jeremiah


Innate Abilities, Weirdness & Mutations

Your spellcasting is much less encumbered by armour.
You can use scrolls of enchantment on lesser artefacts.


Message History

a +0 dagger; a +0 scale mail You miss something.
You feel less confused. Something hits you.
You slash something!
Reactivating autopickup.
You feel a bit more experienced.
Things that are here:
a +0 dagger; a +0 robe; an orc corpse
k - a scroll labelled JEATERPHITHI
Things that are here:
a +0 mace; a +0 chain mail You see here a +0 flail.
Unknown command.
i - 2 amethyst potions (gained 1)
There is a stone staircase leading down here.
You climb downwards.
You hear the hiss of flowing sand.
There is an entrance to an ossuary on this level.
Hurry and find it before the portal is buried!
Found a club.
There is a stone staircase leading up here.
Jeremiah, Barachi Dreamer comes into view.
They are wielding a +3 trident of draining and wearing an orb of mayhem.
Jeremiah shouts!
Jeremiah hits you from afar with a +3 trident of draining!
You feel drained.
Jeremiah shouts, "O dreadful one, destroy my foe!"
Something smites you!
* * * LOW HITPOINT WARNING * * *
You completely miss the butterfly.
Aiming: Iceblast
Press: ? - help, Q - select action Shift-Dir - straight line, f - butterfly
Aim: a butterfly (summoned)
The mass of ice explodes!
The iceblast engulfs the butterfly!
You kill the butterfly!
The butterfly disappears in a burst of colours!
The butterfly disappears in a burst of colours!
Jeremiah throws their arms up pleadingly.
Something smites you!
You die...
Jeremiah says, "O terrible one, your will is done."

#######
#.....#
#.....#
#....)# #
#...<.# .#
#.....# .#
###.#######.#
#@#.b.....#
#.....##..#
###b#b....#
#F#.##.##
#F#.# .#
#b.....#
#b......#
......##.#
#......# .#


You could see Jeremiah.

Vanquished Creatures
  A phantom (D:5)
  An orc wizard (D:5)
  Robin (D:1)
  A gnoll (D:1)
  An adder (D:3)
  A shadow imp (D:5)
  2 dart slugs
  7 orcs
  2 endoplasms
  2 giant cockroaches
  13 goblins
  6 hobgoblins
  2 kobolds (D:2)
  2 quokkas
  3 ball pythons
  5 bats
  2 frilled lizards
  3 rats
55 creatures vanquished.

Notes
Turn   | Place    | Note
-------+----------+-------------------------------------------
     0 | D:1      | Billyxxme the Mountain Dwarf Fighter began the quest for
                  | the Orb.
     0 | D:1      | Reached XP level 1. HP: 19/19 MP: 1/1
   203 | D:1      | Reached XP level 2. HP: 24/26 MP: 2/2
   457 | D:2      | Noticed Robin
   509 | D:1      | Reached XP level 3. HP: 26/33 MP: 3/3
   532 | D:1      | Killed Robin
   566 | D:1      | Reached XP level 4. HP: 15/40 MP: 4/4
  1020 | D:5      | Entered Level 5 of the Dungeon
  1083 | D:5      | Noticed a phantom
  1100 | D:5      | Killed a phantom
  1101 | D:5      | Reached XP level 5. HP: 32/46 MP: 5/5
  1195 | D:6      | Noticed Jeremiah
  1210 | D:6      | Killed from afar by Jeremiah

Illustrated notes

Levels and vault maps discovered:
D:1:      tekkud_arrival_beachfront_property, layout_basic, serial_corexii_hall,
          corexii_hall_statues_l, chequers_hall_statues_corner_a
D:2:      layout_loops_ring, hellmonk_ecumenical_altar_blasted,
          hangedman_glass_teeth, dk_vineyard_2, minmay_misc_feat_x,
          minmay_circle_x, uniq_terence, uniq_sigmund, uniq_robin
D:3:      layout_basic, serial_glass, glass_columns_a, glass_columns_c
D:4:      layout_cave_pools, minmay_temple_entry_junction_2
D:5:      layout_loops_cross, uniq_edmund
D:6:      layout_loops_cross, marbit_many_paths, kennysheep_mini_moat,
          enter_ossuary_3, minmay_misc_feat_hallway, uniq_pikel, uniq_jeremiah

Skill      XL: |  1  2  3  4 |
---------------+-------------+-----
Axes           | 3 4 |  4.8
Armour         | 4 |  4.6
Fighting       | 4 |  4.6
Dodging        | |  0.5
Shields        | |  3.6

Action                     |  1- 3 |  4- 6 || total
---------------------------+-------+-------++-------
  Melee: War axe           |    64 |    78 ||   142
  Evoke: Wand              |       |     1 ||     1
    Use: Potion            |     1 |       ||     1
 Armour: Scale mail        |    63 |    97 ||   160
  Dodge: Dodged            |    49 |    60 ||   109
  Block: Buckler           |    26 |    17 ||    43

Table legend: (Time is in decaauts)
 A = Elapsed time spent in this place.
 B = Non-inter-level travel time spent in this place.
 C = Inter-level travel time spent in this place.
 D = Time resting spent in this place.
 E = Time spent auto-exploring this place.
 F = Levels seen in this place.
 G = Mean time per level.
                   A        B        C        D        E       F      G
               +--------+--------+--------+--------+--------+-----+--------+
         Total |   1261 |   1261 |      0 |      0 |      6 |   6 |  210.2 |
       Dungeon |   1261 |   1261 |      0 |      0 |      6 |   6 |  210.2 |
               +--------+--------+--------+--------+--------+-----+--------+

Top non-repeatable levels by time:
     D:1: 477 daAuts
     D:3: 298 daAuts
     D:2: 204 daAuts
     D:5: 173 daAuts
     D:4: 81 daAuts
     D:6: 26 daAuts
